 Dungeon Crawl Stone Soup version 0.20.1-1-g8b1a95d (webtiles) character file.

464 slep the Shield-Bearer (level 7, -1/60 HPs)
             Began as a Hill Orc Fighter on Oct 25, 2017.
             Was a Follower of Dithmenos.
             Killed from afar by a raiju (20 damage)
             ... with a living lightning
             ... on level 1 of the Abyss.
             The game lasted 00:15:17 (2401 turns).

slep the Shield-Bearer (Hill Orc Fighter)           Turns: 2401, Time: 00:15:23

Health: -1/60      AC:  5    Str: 19    XL:     7   Next: 8%
Magic:  7/7        EV:  9    Int:  8    God:    Dithmenos [*.....]
Gold:   261        SH: 10    Dex: 12    Spells: 6/6 levels left

rFire    + . .     SeeInvis .   a - +0 long sword
rCold    . . .     Gourm    .   c - +0 shield
rNeg     . . .     Faith    .   w - +0 leather armour (curse)
rPois    .         Spirit   .   (no helmet)
rElec    .         Reflect  .   (no cloak)
rCorr    .         Harm     .   t - +0 pair of gloves
MR       .....                  (no boots)
Stlth    +.........             (no amulet)
Regen    0.2/turn               m - ring of protection from fire
MPRegen  0.1/turn               p - +1 ring of protection

@: wreathed by umbra
A: no striking features
a: Renounce Religion


You were on level 1 of the Abyss.
You worshipped Dithmenos.
Dithmenos was aware of your devotion.
You were hungry.

You visited 1 branch of the dungeon, and saw 4 of its levels.
You visited the Abyss 1 time.

You collected 261 gold pieces.

Inventory:

Hand Weapons
 a - a +0 long sword (weapon)
Missiles
 u - 8 tomahawks (quivered)
Armour
 b - a +0 scale mail
 c - a +0 shield (worn)
 n - a cursed -2 robe
 t - a +0 pair of gloves (worn)
 w - a cursed +0 leather armour (worn)
Jewellery
 m - a ring of protection from fire (left hand)
 p - a +1 ring of protection (right hand)
Wands
 s - a wand of acid (6/15)
Scrolls
 e - 2 scrolls of remove curse {unknown}
 i - a scroll of amnesia {unknown}
 j - 2 scrolls of enchant weapon {unknown}
 l - 4 scrolls of identify {unknown}
 o - a scroll of enchant armour {unknown}
 r - a scroll of fog {unknown}
 v - a scroll of teleportation {unknown}
Potions
 d - 2 potions of might
 g - 3 potions of curing
 x - a potion of flight {unknown}
Books
 q - a book of Cantrips

   Spells                             Type                      Level
   a - Confusing Touch                Hexes                        1
   b - Animate Skeleton               Necromancy                   1
   c - Summon Small Mammal            Summoning                    1
   d - Apportation                    Translocation                1
Comestibles
 f - 6 bread rations
 h - 2 royal jellies
 k - 4 meat rations


   Skills:
 + Level 4.7 Fighting
 + Level 5.0 Long Blades
 + Level 4.8 Armour
 + Level 1.2 Dodging
 + Level 0.3 Stealth
 + Level 5.0 Shields


You had 6 spell levels left.
You didn't know any spells.

Dungeon Overview and Level Annotations

Branches:
Dungeon (4/15)
 Temple: D:4-7

Altars:
Ashenzari
Cheibriados
Dithmenos
Fedhas
Hepliaklqana
Kikubaaqudgha
Sif Muna


Message History

The raiju barks!
You see here an inky potion.
x - an inky potion
Okay, then.
Found 23 stones.
You hit the raiju but do no damage. The raiju bites you. The raiju shocks you!
You miss the raiju. The raiju bites you but does no damage.
You hit the raiju.
The raiju is lightly wounded.
The raiju bites you. The raiju shocks you!
You miss the raiju.
The raiju is lightly wounded.
You block the raiju's attack.
You hit the raiju but do no damage.
The raiju is lightly wounded.
The raiju bursts into living lightning!
The living lightning hits you! x2; The raiju blinks!
The raiju bursts into living lightning!
The living lightning hits you!
You die...

. # . .# .##
####..##.
#.#..#...# ##
.#...#..# ###
.##.. .... ##.##h#
#.
##.#...h..##..####
.#.. ###.
#..#ยง#..#
#.#....# ##
.#@#.## #.#h .
####.#.##...#
#.##.#.# #..#
#(.## .## ### ....
#### ... # #..##
.# # ... #.
.####...# ###...
.# . . #. #..


You could see a raiju.

Vanquished Creatures
  Sigmund (D:4)
  The ghost of Winterheart the Magician, a weakling OpWz (D:3)
  2 orc priests (D:2)
  An orc wizard (D:2)
  A worker ant (D:4)
  6 adders
  A worm (D:2)
  2 dart slugs
  5 leopard geckos
  8 orcs
  4 giant cockroaches
  6 goblins
  14 hobgoblins
  8 jackals
  7 kobolds
  8 bats
  5 frilled lizards
  7 rats
87 creatures vanquished.

Notes
Turn   | Place    | Note
-------+----------+-------------------------------------------
     0 | D:1      | slep the Hill Orc Fighter began the quest for the Orb.
     0 | D:1      | Reached XP level 1. HP: 19/19 MP: 1/1
    84 | D:1      | Reached XP level 2. HP: 22/27 MP: 2/2
   301 | D:1      | Reached XP level 3. HP: 29/33 MP: 3/3
   614 | D:2      | Reached XP level 4. HP: 11/40 MP: 4/4
   625 | D:2      | Reached XP level 5. HP: 14/46 MP: 5/5
   801 | D:2      | Found a shadowy altar of Dithmenos.
   809 | D:2      | Became a worshipper of Dithmenos the Shadowed
   825 | D:2      | Found a snail-covered altar of Cheibriados.
   932 | D:2      | Found an ancient bone altar of Kikubaaqudgha.
   932 | D:2      | Found a blossoming altar of Fedhas.
   944 | D:2      | Found a deep blue altar of Sif Muna.
  1249 | D:3      | Found a shattered altar of Ashenzari.
  1305 | D:3      | Noticed Winterheart's ghost (weakling OpWz)
  1323 | D:3      | Killed Winterheart's ghost
  1351 | D:3      | Reached XP level 6. HP: 3/52 MP: 6/6
  2046 | D:4      | Found a hazy altar of Hepliaklqana.
  2051 | D:4      | Reached skill level 1 in Dodging
  2167 | D:4      | Noticed Sigmund
  2192 | D:4      | Killed Sigmund
  2192 | D:4      | Reached * piety under Dithmenos
  2192 | D:4      | Reached skill level 5 in Long Blades
  2192 | D:4      | Reached skill level 5 in Shields
  2192 | D:4      | Reached XP level 7. HP: 34/60 MP: 7/7
  2316 | D:4      | Cast into level 1 of the Abyss (orc)
  2350 | Abyss:1  | Noticed a raiju
  2374 | Abyss:1  | Noticed a raiju
  2401 | Abyss:1  | Killed from afar by a raiju

Skill      XL: |  1  2  3  4  5  6 |
---------------+-------------------+-----
Fighting       | 4 |  4.7
Long Blades    | 3 4 5 |  5.0
Shields        | 4 5 |  5.0
Armour         | 4 |  4.8
Dodging        | 1 |  1.2
Stealth        | |  0.3

Action                   |  1- 3 |  4- 6 |  7- 9 || total
-------------------------+-------+-------+-------++-------
Melee: Long sword        |   120 |   208 |    13 ||   341
  Use: Potion            |       |     2 |       ||     2
  Eat: Chunk             |       |     5 |       ||     5
Armor: Scale mail        |    51 |    70 |       ||   121
       Leather armour    |       |       |     3 ||     3
Dodge: Dodged            |    37 |    49 |     1 ||    87
Block: Shield            |    63 |    97 |     4 ||   164
       Rpst.: Long sword |    15 |    16 |       ||    31
